 Dungeon Crawl Stone Soup version 0.29-a0-925-g0a7a3d12f8 (webtiles) character file.

Game seed: 11059808384473513466

25573 leavemydog the Cleaver (level 13, -2/118 HPs)
             Began as a Hill Orc Fighter on July 29, 2022.
             Was the Champion of Okawaru.
             Killed by divine providence
             ... invoked by a smoke demon
              (12 damage)
             ... on level 5 of the Abyss.
             The game lasted 00:35:08 (18765 turns).

leavemydog the Cleaver (Hill Orc Fighter)          Turns: 18765, Time: 00:35:09

Health: -2/118     AC: 34    Str: 22    XL:     13   Next: 20%
Magic:  21/21      EV:  4    Int: 10    God:    Okawaru [******]
Gold:   664        SH: 11    Dex: 12    Spells: 17/17 levels left

rFire   . . .      SeeInvis +   s - +6 hand axe (elec)
rCold   . . .      Faith    .   c - +0 buckler
rNeg    + . .      Spirit   .   P - +5 crystal plate armour of Dice, Bag, and Bottle {Dex+2}
rPois   .          Reflect  +   m - +0 helmet
rElec   .          Harm     .   t - +0 cloak
rCorr   .          Rampage  .   T - +0 pair of gloves
Will    .....                   n - +2 pair of boots
Stlth   ..........              i - amulet of reflection
HPRegen 0.29/turn               f - ring "Odghefa" {Fly rN+ SInv}
MPRegen 0.17/turn               (no ring)

@: about to teleport, flying
A: no striking features
a: Renounce Religion, Heroism, Finesse, Duel


You were on level 5 of the Abyss.
You worshipped Okawaru.
Okawaru was exalted by your worship.
You visited 2 branches of the dungeon, and saw 15 of its levels.
You visited the Abyss 1 time.

You collected 1066 gold pieces.
You spent 402 gold pieces at shops.

Inventory:

Hand Weapons
 s - a +6 hand axe of electrocution (weapon)
 F - the +10 arbalest "Killer Klown's Foe" {flame, Int+6}
   (Okawaru gifted it to you on level 13 of the Dungeon)

   Any ammunition fired from it burns those it strikes, dealing additional fire
   damage.
   Int:       It affects your intelligence (+6).
 R - a +0 flail
Missiles
 Q - 2 throwing nets (quivered)
Armour
 c - a +0 buckler (worn)
 m - a +0 helmet (worn)
 n - a +2 pair of boots (worn)
 t - a +0 cloak (worn)
 C - +0 steam dragon scales
 G - a +1 leather armour of fire resistance
 J - +0 swamp dragon scales
 O - the +1 scale mail of Sodghapn {Will+ Int+5 Stlth+}
   (Okawaru gifted it to you on level 13 of the Dungeon)

   Int:       It affects your intelligence (+5).
   Will:      It increases your willpower.
   Stlth:     It makes you more stealthy.
 P - the +5 crystal plate armour of Dice, Bag, and Bottle (worn) {Dex+2}
   (Okawaru gifted it to you on level 11 of the Dungeon)

   Dex:       It affects your dexterity (+2).
 T - a +0 pair of gloves (worn)
Jewellery
 f - the ring "Odghefa" (left hand) {Fly rN+ SInv}
   (You found it on level 4 of the Dungeon)

   [ring of flight]

   rN:        It protects you from negative energy.
   SInv:      It lets you see invisible.
   Fly:       It grants you flight.
 i - an amulet of reflection (around neck)
 u - a ring of ice
 y - a ring of fire
 z - an amulet of regeneration
 I - a ring of fire
 M - a +6 ring of strength
Wands
 a - a wand of acid (12)
 w - a wand of flame (52)
 A - a wand of iceblast (9)
 N - a wand of mindburst (5)
 V - a wand of polymorph (5)
Scrolls
 e - a scroll of torment
 g - a scroll of magic mapping {unknown}
 h - a scroll of fog
 j - a scroll of blinking
 l - a scroll of amnesia {unknown}
 o - a scroll of teleportation
 p - 2 scrolls of noise
 q - a scroll of poison
 r - 2 scrolls of immolation
 v - 3 scrolls of vulnerability
 B - a scroll of enchant armour {unknown}
 K - 2 scrolls of fear {unknown}
Potions
 b - a potion of attraction
 d - 2 potions of might
 k - 3 potions of lignification
 D - a potion of berserk rage
 E - a potion of cancellation
 H - a potion of curing
 S - a potion of resistance


   Skills:
 + Level 12.2 Fighting
 - Level 14.0 Axes
 * Level 1.9 Throwing
 + Level 11.7 Armour
 + Level 10.6 Shields
 - Level 2.9 Spellcasting
 * Level 10.9 Invocations


You had 17 spell levels left.
You didn't know any spells.
Your spell library contained the following spells:

 Spells                   Type           Power      Damage    Failure   Level
 Blink                    Tloc           2%         N/A       100%        2
 Sublimation of Blood     Necr           1%         N/A       100%        2
 Wereblood                Tmut           1%         N/A       100%        2
 Dazzling Flash           Conj/Hex       2%         N/A       100%        3
 Ignite Poison            Fire/Tmut/Pois 1%         N/A       100%        3
 Lesser Beckoning         Tloc           1%         N/A       100%        3
 Mephitic Cloud           Conj/Pois/Air  1%         N/A       100%        3
 Stone Arrow              Conj/Erth      2%         3d7       100%        3
 Agony                    Necr           1%         N/A       100%        5
 Blade Hands              Tmut           0%         N/A       100%        5
 Freezing Cloud           Conj/Ice/Air   0%         6-21      100%        5
 Irradiate                Conj/Tmut      0%         3d11      100%        5
 Manifold Assault         Tloc           1%         N/A       100%        5
 Silence                  Hex/Air        0%         N/A       100%        5
 Dragon Form              Tmut           0%         N/A       100%        7
 Lehudib's Crystal Spear  Conj/Erth      0%         10d2      100%        8
 Animate Armour           Summ/Erth      Unusable   N/A       N/A         4
 Summon Hydra             Summ           Unusable   N/A       N/A         7

Dungeon Overview and Level Annotations

Branches:
Dungeon (14/15)            Temple (1/1) D:5            Lair (0/5) D:9
    Orc (0/2) D:11
 Vaults: D:13-14

Altars:
Ashenzari
Cheibriados
Dithmenos
Elyvilon
Fedhas
Gozag
Hepliaklqana
Kikubaaqudgha
Makhleb
Nemelex Xobeh
Okawaru
Qazlal
Ru
Sif Muna
Trog
Uskayaw
Vehumet
Wu Jian
Xom
Yredelemnul
Zin
The Shining One

Shops:
D:12 :   D:13 *

Portals:
Trove: D:10 (show abyssal rune of Zot)

Annotations:
D:6 3 runed translucent doors, eyesofgods1's ghost, novice DsGl; sotis's ghost, novice DENe; viper001's ghost, novice PaFi


Message History

You slash the starcursed mass!
You destroy the starcursed mass!
Okawaru accepts your kill.
You start resting.
You feel your health improve.
You start resting.
A starcursed mass is nearby!
The starcursed mass shrieks in your mind.
* * * LOW HITPOINT WARNING * * *
You hit the starcursed mass but do no damage.
You slash the starcursed mass!
The starcursed mass is lightly damaged.
The starcursed mass touches you but does no damage.
You slash the starcursed mass!
The starcursed mass is moderately damaged.
A blink frog comes into view.
A starcursed mass splits.
A chorus of shrieks assaults your mind.
* * * LOW HITPOINT WARNING * * *
The blink frog gives a loud, deep croak!
You slice the starcursed mass!!
The starcursed mass is severely damaged.
The starcursed mass shudders and is absorbed by its neighbour.
A blink frog comes into view.
A starcursed mass splits.
The starcursed mass shrieks in your mind.
* * * LOW HITPOINT WARNING * * *
There are monsters nearby!
A starcursed mass splits.
A starcursed mass splits.
A smoke demon comes into view.
The smoke demon roars!
You hear a bellow!
You hear a horrible gurgling sound!
The blink frog blinks!
A starcursed mass splits.
A small abomination comes into view.
As you read the scroll of teleportation, it crumbles to dust.
You feel strangely unstable.
You feel the power of the Abyss delaying your translocation!
The smoke demon gestures at you. Something smites you!
You die...

#F... .. .
#§### ..
###.F. .#.
##.X. ##
##.#X## #
#X##..## #.#
#X#....#..
#X....#.##.##
###..@....3..
##.##...##.
.§##.#.§.#
+⌠#.#.##.§#.#
# #. # ..u x.
.


You could see 4 starcursed masses, a green very ugly thing (wandering), a smoke
demon and a small abomination.

Vanquished Creatures
  A tentacled starspawn (Abyss:3)
  4 boulder beetles (D:13)
  3 centaur warriors (D:13)
  4 two-headed ogres
  A death yak (D:8)
  A thrashing horror (Abyss:3)
  Nergalle (D:12)
  Pikel (D:8)
  3 ugly things (D:13)
  A deep elf pyromancer (D:13)
  2 manticores (D:13)
  A cyclops (D:13)
  2 gargoyles
  Maggie (D:9)
  A kobold demonologist (D:13)
  2 unseen horrors
  An efreet (D:13)
  3 ancient zymes
  A troll (D:13)
  4 raiju (Abyss:3)
  2 shadows
  3 wraiths (D:12)
  16 yaks
  2 basilisks
  2 steam dragons
  12 vampire mosquitoes
  2 water moccasins
  An ice beast (D:8)
  2 black bears (D:6)
  A starcursed mass (Abyss:5)
  4 orc warriors
  2 ogres
  3 centaurs
  2 lemures (D:8)
  3 phantoms
  4 kobold brigands
  5 bullfrogs
  A gnoll sergeant (D:11)
  4 scorpions
  3 necrophages
  2 small abominations (Abyss:3)
  3 wights
  3 killer bees (D:7)
  2 howler monkeys
  An electric eel (D:9)
  A hound (D:5)
  A quasit (Abyss:3)
  7 orc priests
  A jelly (D:6)
  A gnoll bouda (D:9)
  An iguana (D:5)
  15 orc wizards
  14 gnolls
  9 adders
  2 river rats (D:9)
  3 shadow imps
  5 white imps
  An ufetubus (D:6)
  2 worms
  4 dart slugs
  40 orcs
  9 ball pythons
  10 bats
  8 endoplasms
  3 giant cockroaches
  8 hobgoblins
  9 jackals
  5 quokkas
  2 frilled lizards
  14 goblins
  20 kobolds
  7 rats
  2 starspawn tentacles
327 creatures vanquished.

Vanquished Creatures (others)
  Maurice (D:12)
  A lurking horror (Abyss:3)
  9 plants
  18 starspawn tentacles
  4 withered plants (D:6)
33 creatures vanquished.

Grand Total: 360 creatures vanquished

Notes
Turn   | Place    | Note
-------+----------+-------------------------------------------
     0 | D:1      | leavemydog the Hill Orc Fighter began the quest for the
                  | Orb.
     0 | D:1      | Reached XP level 1. HP: 19/19 MP: 1/1
    20 | D:1      | Reached skill level 3 in Axes
    20 | D:1      | Reached XP level 2. HP: 15/27 MP: 2/2
   622 | D:1      | Reached XP level 3. HP: 30/33 MP: 3/3
  1305 | D:2      | Reached skill level 4 in Axes
  1494 | D:2      | Found a faded altar of an unknown god.
  1568 | D:2      | Reached XP level 4. HP: 24/37 MP: 4/4
  2760 | D:3      | Reached skill level 5 in Axes
  3078 | D:3      | Reached XP level 5. HP: 31/45 MP: 5/5
  3799 | D:4      | Reached skill level 6 in Axes
  3799 | D:4      | Reached XP level 6. HP: 50/52 MP: 6/6
  3830 | D:4      | Identified the ring "Odghefa" {Fly rN+ SInv}
  3889 | D:4      | Reached skill level 7 in Axes
  3918 | D:4      | Found a shadowy altar of Dithmenos.
  4707 | D:5      | Entered Level 5 of the Dungeon
  4718 | D:5      | Reached XP level 7. HP: 51/60 MP: 7/7
  5091 | D:5      | Reached skill level 8 in Axes
  5091 | D:5      | Reached skill level 5 in Armour
  5253 | D:5      | Identified the +1 robe of Card Tricks {Stlth+}
  5339 | D:5      | Reached skill level 9 in Axes
  5424 | D:5      | Reached XP level 8. HP: 31/67 MP: 8/8
  5649 | D:5      | Found a staircase to the Ecumenical Temple.
  5690 | Temple   | Entered the Ecumenical Temple
  5898 | Temple   | Became a worshipper of Warmaster Okawaru
  6068 | D:5      | Reached skill level 10 in Axes
  6787 | D:6      | Reached skill level 5 in Fighting
  6966 | D:6      | Reached skill level 11 in Axes
  7058 | D:6      | Reached * piety under Okawaru
  7077 | D:6      | Reached XP level 9. HP: 60/74 MP: 9/9
  7200 | D:6      | Reached skill level 12 in Axes
  7354 | D:6      | Found a white marble altar of Elyvilon.
  7383 | D:6      | Found a runed translucent gate.
  7383 | D:6      | Found a runed translucent gate.
  7384 | D:6      | Found a runed translucent gate.
  7385 | D:6      | Noticed viper001's ghost (novice PaFi)
  7385 | D:6      | Noticed eyesofgods1's ghost (novice DsGl)
  7386 | D:6      | Noticed sotis's ghost (novice DENe)
  7577 | D:6      | Reached skill level 1 in Invocations
  7768 | D:7      | Reached ** piety under Okawaru
  8499 | D:7      | Noticed a two-headed ogre
  8715 | D:7      | Found a hazy altar of Hepliaklqana.
  8966 | D:7      | Reached skill level 13 in Axes
  9400 | D:8      | Noticed Pikel
  9551 | D:8      | Killed Pikel
  9551 | D:8      | Reached *** piety under Okawaru
  9573 | D:8      | Reached XP level 10. HP: 71/84 MP: 12/12
  9825 | D:8      | Found a stormy altar of Qazlal.
  9877 | D:8      | Reached skill level 14 in Axes
 10094 | D:8      | Found an ancient bone altar of Kikubaaqudgha.
 10095 | D:8      | Found an opulent altar of Gozag.
 10126 | D:8      | Found a glowing golden altar of the Shining One.
 10189 | D:8      | Found a blossoming altar of Fedhas.
 10226 | D:9      | Noticed a two-headed ogre
 10587 | D:8      | Killed a two-headed ogre
 10588 | D:8      | Reached skill level 1 in Spellcasting
 10957 | D:9      | Reached skill level 5 in Shields
 10958 | D:9      | Reached **** piety under Okawaru
 10959 | D:9      | Reached skill level 5 in Invocations
 11056 | D:9      | Noticed a death yak
 11056 | D:9      | Noticed a death yak
 11058 | D:9      | Noticed a death yak
 11078 | D:8      | Killed a death yak
 11748 | D:9      | Reached ***** piety under Okawaru
 11942 | D:9      | Found a staircase to the Lair.
 11984 | D:9      | Noticed Maggie
 11992 | D:9      | Killed Maggie
 12157 | D:10     | Entered Level 10 of the Dungeon
 12255 | D:10     | Noticed an unseen horror
 12271 | D:10     | Killed an unseen horror
 12334 | D:10     | Noticed a two-headed ogre
 12339 | D:10     | Killed a two-headed ogre
 12340 | D:10     | Reached XP level 11. HP: 33/97 MP: 15/15
 12853 | D:10     | Found an ornate altar of the Wu Jian Council.
 12853 | D:10     | Found a radiant altar of Vehumet.
 13536 | D:10     | Found a portal to a secret trove of treasure.
 13631 | D:11     | Identified the +5 crystal plate armour of Dice, Bag, and
                  | Bottle {Dex+2} (Okawaru gifted it to you on level 11 of the
                  | Dungeon)
 13631 | D:11     | Received a gift from Okawaru
 13804 | D:11     | Reached skill level 10 in Fighting
 13842 | D:11     | Noticed an eight-headed hydra
 14219 | D:11     | Found a staircase to the Orcish Mines.
 14299 | D:11     | Noticed a two-headed ogre
 14309 | D:11     | Killed a two-headed ogre
 14590 | D:11     | Noticed a two-headed ogre
 14605 | D:11     | Killed a two-headed ogre
 14773 | D:12     | Found Omaahegh's Book Boutique.
 14776 | D:12     | Bought a book of Spatial Translocations for 364 gold pieces
 14850 | D:12     | Noticed Maurice
 14866 | D:12     | Killed Maurice
 15246 | D:12     | Reached XP level 12. HP: 100/108 MP: 18/18
 15424 | D:12     | Noticed Nergalle
 15447 | D:12     | Killed Nergalle
 15719 | D:13     | Found Qacvil's General Store.
 15722 | D:13     | Bought a scroll of identify for 38 gold pieces
 16004 | D:13     | Reached skill level 10 in Armour
 16084 | D:13     | Identified the +1 scale mail of Sodghapn {Will+ Int+5
                  | Stlth+} (Okawaru gifted it to you on level 13 of the
                  | Dungeon)
 16084 | D:13     | Received a gift from Okawaru
 16195 | D:13     | Noticed a centaur warrior
 16198 | D:13     | Noticed a boulder beetle
 16205 | D:13     | Noticed a centaur warrior
 16219 | D:13     | Noticed a centaur warrior
 16232 | D:13     | Killed a centaur warrior
 16260 | D:13     | Killed a centaur warrior
 16260 | D:13     | Reached ****** piety under Okawaru
 16328 | D:13     | Killed a boulder beetle
 16338 | D:13     | Killed a centaur warrior
 16380 | D:13     | Reached skill level 10 in Invocations
 16595 | D:13     | Noticed a boulder beetle
 16612 | D:13     | Killed a boulder beetle
 16764 | D:13     | Noticed a boulder beetle
 16806 | D:13     | Killed a boulder beetle
 16807 | D:13     | Reached skill level 10 in Shields
 17314 | D:13     | Noticed a boulder beetle
 17345 | D:13     | Killed a boulder beetle
 17345 | D:13     | Identified the +10 arbalest "Killer Klown's Foe" {flame,
                  | Int+6} (Okawaru gifted it to you on level 13 of the
                  | Dungeon)
 17345 | D:13     | Received a gift from Okawaru
 17932 | Abyss:3  | Cast into level 3 of the Abyss (a wizard)
 17979 | Abyss:3  | Reached XP level 13. HP: 117/117 MP: 20/20
 17994 | Abyss:3  | Reached skill level 1 in Throwing
 18032 | Abyss:3  | Noticed a tentacled starspawn
 18064 | Abyss:3  | Noticed a balrug
 18067 | Abyss:3  | Found a corrupted altar of Lugonu.
 18179 | Abyss:3  | Noticed a tentacled starspawn
 18209 | Abyss:3  | Killed a tentacled starspawn
 18557 | Abyss:5  | Noticed a tentacled starspawn
 18600 | Abyss:5  | Noticed a starcursed mass
 18601 | Abyss:5  | HP: 2/118 [raiju/living lightning (16)]
 18705 | Abyss:5  | Noticed a starcursed mass
 18765 | Abyss:5  | Killed from afar by a smoke demon

Illustrated notes

Levels and vault maps discovered:
D:1:      minmay_arrival_hallway, layout_basic, eino_curves_02,
          minmay_pentomino_u4
D:2:      layout_basic, serial_forest, infiniplex_forest_pool,
          infiniplex_forest_clump_curved, infiniplex_forest_clump_long,
          infiniplex_forest_end_1, infiniplex_forest_lined_3_way,
          ebering_ecumenical_altar_abandoned, item_on_display_a
D:3:      layout_basic, serial_bayou, serial_bayou_pond_b, serial_bayou_pond_d,
          serial_bayou_shore_b, serial_bayou_pond_b
D:4:      layout_loops_ring, grunt_dithmenos_smoke_and_mirrors, feat_on_display
D:5:      cheibrodos_thug_alley, layout_basic,
          minmay_temple_entry_gardened_gates
D:6:      layout_loops_ring, kennysheep_mini, gammafunk_ghost_cemetery,
          minmay_diced_spiral
D:7:      layout_cave_pools, kennysheep_little_box, lightli_corner_chamber
D:8:      layout_rooms, overflow_temple_1_default,
          nicolae_qazlal_scattered_showers, gammafunk_temple_overflow_statue,
          tso_altar, uniq_pikel
D:9:      layout_big_octagon, dpeg_lair_monsters, uniq_maggie
D:10:     layout_grid_maze, chequers_temple_overflow_statue_of_worship,
          enter_trove_6, feat_on_display
D:11:     layout_basic, orc_0_dummy
D:12:     layout_loops_ring, serial_shops, shop, uniq_maurice, uniq_nergalle
D:13:     layout_loops_ring, serial_shops, shop, minmay_strange_pillars,
          minmay_mirror_moons_of_madness
D:14:     layout_roguey, erik_vaults_2, special_room [special_room_bee],
          minivault_4, minmay_misc_feat_roman, minmay_misc_feat_diagonals,
          uniq_snorg
Temple:   nicolae_temple_bog_church
Abyss:5:  base: D:6, evilmike_abyss_exit_glass, evilmike_abyss_rune_tso_outpost,
          hangedman_abyss_or_decor_stagger, hangedman_abyss_or_decor_passed,
          minivault_13, evilmike_abyss_rune_siren_acolytes,
          evilmike_abyss_rune_siren_acolytes, evilmike_abyss_exit_17

Skill      XL: |  1  2  3  4  5  6  7  8  9 10 11 12 13 |
---------------+----------------------------------------+-----
Axes           | 3 4 5 6 7 9 11 13 14 | 14.0
Fighting       | 4 5 6 9 10 11 12 | 12.2
Armour         | 4 5 6 7 8 9 11 | 11.7
Shields        | 4 6 8 10 | 10.6
Invocations    | 3 6 8 10 | 10.9
Spellcasting   | 2 |  2.9
Throwing       | 1 |  1.9

Action                   |  1- 3 |  4- 6 |  7- 9 | 10-12 | 13-15 || total
-------------------------+-------+-------+-------+-------+-------++-------
Melee: War axe           |   104 |    94 |       |       |       ||   198
       Hand axe          |       |    77 |   371 |   576 |    99 ||  1123
Evoke: Wand              |       |       |       |     1 |       ||     1
  Use: Scroll            |       |     3 |     7 |    16 |     7 ||    33
       Potion            |       |       |     6 |     1 |     5 ||    12
 Stab: Distracted        |       |       |       |     1 |       ||     1
Armor: Scale mail        |    57 |   110 |   162 |       |       ||   329
       Steam dragon scal |       |       |     8 |    56 |       ||    64
       Crystal plate arm |       |       |       |   184 |   113 ||   297
Dodge: Dodged            |    48 |   100 |   159 |    83 |    21 ||   411
Block: Buckler           |    35 |    40 |    42 |   199 |    83 ||   399
       Reflection        |       |       |       |    10 |       ||    10

Table legend: (Time is in decaauts)
 A = Elapsed time spent in this place.
 B = Non-inter-level travel time spent in this place.
 C = Inter-level travel time spent in this place.
 D = Time resting spent in this place.
 E = Time spent auto-exploring this place.
 F = Levels seen in this place.
 G = Mean time per level.
                   A        B        C        D        E       F      G
               +--------+--------+--------+--------+--------+-----+--------+
         Total |  18530 |  17867 |    663 |   6323 |   8895 |  18 | 1029.4 |
       Dungeon |  17505 |  16888 |    617 |   5818 |   8722 |  14 | 1250.4 |
        Temple |    234 |    188 |     46 |      0 |    157 |   1 |  234.0 |
         Abyss |    790 |    790 |      0 |    505 |     16 |   3 |  263.3 |
               +--------+--------+--------+--------+--------+-----+--------+

Top non-repeatable levels by time:
    D:13: 2085 daAuts
     D:7: 1819 daAuts
    D:10: 1707 daAuts
     D:8: 1436 daAuts
     D:5: 1402 daAuts
     D:2: 1402 daAuts
     D:1: 1305 daAuts
     D:4: 1187 daAuts
     D:6: 1159 daAuts
     D:3: 1134 daAuts
     D:9: 1034 daAuts
    D:12: 992 daAuts
    D:11: 833 daAuts
 Abyss:3: 484 daAuts
  Temple: 234 daAuts
